 Dungeon Crawl Stone Soup version 0.30.1-1-g62c8e00024 (webtiles) character file.

Game seed: 12060486192462594101

268 klm127 the Trooper (level 6, -7/59 HPs)
             Began as a Troll Warper on July 15, 2023.
             Mangled by a lemure (8 damage)
             ... led by Pikel
             ... on level 3 of the Dungeon.
             The game lasted 00:18:03 (2907 turns).

klm127 the Trooper (Troll Warper)                   Turns: 2907, Time: 00:18:04

Health: -7/59      AC: 11    Str: 22    XL:     6   Next: 0%
Magic:  6/6        EV:  9    Int:  9    God:
Gold:   232        SH:  5    Dex:  9    Spells: 7/7 levels left

rFire   . . .        i - +2 flail (protect)
rCold   . . .        (no shield)
rNeg    . . .        b - +0 robe
rPois   .            (helmet restricted)
rElec   .            (no cloak)
rCorr   .            (gloves unavailable)
SInv    .            (boots unavailable)
Will    .....        g - amulet of reflection
Stlth   +            (no ring)
HPRegen 1.09/turn    (no ring)
MPRegen 0.10/turn

%: reflection
@: about to teleport, under a protective aura
A: large, unfitting armour, claws 3, regeneration 1, shaggy fur 1, tough skin 1
a: no special abilities


You were on level 3 of the Dungeon.
You visited 1 branch of the dungeon, and saw 4 of its levels.

You collected 232 gold pieces.

Inventory:

Hand Weapons
 a - a +0 mace
 i - a +2 flail of protection (weapon)
 j - a +3 quarterstaff
Missiles
 d - 4 boomerangs of dispersal (quivered)
 v - a silver boomerang
Armour
 b - a +0 robe (worn)
Jewellery
 g - an amulet of reflection (around neck)
 q - a ring of ice
Scrolls
 c - a scroll of blinking
 e - 2 scrolls of identify {unknown}
 f - 3 scrolls of teleportation
 h - a scroll of amnesia {unknown}
 k - 2 scrolls of magic mapping {unknown}
 l - a scroll of enchant armour {unknown}
 r - a scroll of butterflies {unknown}
 s - a scroll of fog {unknown}
 t - a scroll of poison {unknown}
 u - a scroll of noise {unknown}
Potions
 m - a potion of mutation {unknown}
 n - 3 potions of haste
 o - 3 potions of curing {unknown}
 p - a potion of berserk rage {unknown}


   Skills:
 + Level 2.8 Fighting
 * Level 2.5 Maces & Flails
 + Level 2.6 Throwing
 - Level 1.9 Dodging
 + Level 0.8 Stealth
 + Level 1.2 Shields
 * Level 2.4 Unarmed Combat
 - Level 1.2 Spellcasting
 - Level 2.1 Translocations


You had 7 spell levels left.
You didn't know any spells.
Your spell library contained the following spells:

 Spells                   Type           Power      Damage    Failure   Level
 Blink                    Tloc           8%         N/A       22%         2
 Lesser Beckoning         Tloc           8%         N/A       22%         2
 Magic Dart               Conj           0%         1d3       36%         1
 Gell's Gravitas          Tloc           4%         N/A       41%         3
 Teleport Other           Tloc           4%         N/A       41%         3
 Call Imp                 Summ           0%         N/A       50%         2
 Vhi's Electric Charge    Tloc/Air       4%         N/A       56%         3
 Dazzling Flash           Conj/Hex       0%         N/A       73%         3
 Mephitic Cloud           Conj/Pois/Air  0%         N/A       73%         3
 Manifold Assault         Tloc           4%         N/A       82%         4
 Agony                    Necr           0%         N/A       100%        5
 Silence                  Hex/Air        0%         N/A       100%        5
 Dispersal                Tloc           2%         N/A       100%        6


Dungeon Overview and Level Annotations

Branches:
Dungeon (4/15)
 Temple: D:4-7

Altars:

Shops:
D:1 ==

Annotations:
D:2 Pikel
D:4 Ijyb


Innate Abilities, Weirdness & Mutations

You are too large for most types of armour.
You have claws for hands.
Your natural rate of healing is unusually fast.
You are covered in fur. (AC +1)
You have tough skin. (AC +1)


Message History

You block the orc's attack. The lemure hits you. You block the orc's attack.
The jackal closely misses you. The orc closely misses you.
You climb upwards.
Reactivating autopickup.
There is a stone staircase leading down here.
You closely miss the orc. The jackal closely misses you. The lemure hits you.
The orc hits you with a +0 hand axe. The orc barely misses you.
You block the orc's attack.
You closely miss the orc.
The lemure shouts!
The jackal closely misses you. The worm bites you!
* * * LOW HITPOINT WARNING * * *
The orc hits you with a +0 hand axe.
* * * LOW HITPOINT WARNING * * *
You block the lemure's attack. You block the jackal's attack.
The orc closely misses you. The orc hits you with a +0 whip.
* * * LOW HITPOINT WARNING * * *
The orc hits you but does no damage.
You thump the orc!
Your weapon exudes an aura of protection.
You kill the orc!
The jackal bites you but does no damage.
The orc barely misses you. The lemure hits you but does no damage.
You block the orc's attack. x2; The jackal barely misses you.
The worm bites you but does no damage.
As you read the scroll of teleportation, it crumbles to dust.
You feel strangely unstable. The orc hits you with a +0 flail.
* * * LOW HITPOINT WARNING * * *
The orc hits you but does no damage. The lemure hits you but does no damage.
The orc misses you. The jackal barely misses you.
The lemure hits you but does no damage. The worm barely misses you.
You sock the lemure!
The lemure is moderately wounded.
The jackal bites you.
* * * LOW HITPOINT WARNING * * *
The orc hits you with a +0 flail.
* * * LOW HITPOINT WARNING * * *
The lemure closely misses you. The orc hits you but does no damage. x2
The lemure hits you!
You die...

#####......######......
#.................)....
#.###......######......
#.# #......##.#........
#.# #......##...#......
#.# #......##.###......
#.# ##.#...............
#.####5w.####.#.###....
###....o@o#####.#.#
#....
#......oh5....#.#.#
#....
###.#####.###.#.#.#
##.##
#...............#.# #.#
#########.##..#.#.####.#
#.##..#........#
#.##..###.#######
#.##.............
#.##.####.#######


You could see 2 lemures, a worm, 3 orcs and a jackal.

Vanquished Creatures
  A lemure (D:3)
  A scorpion (D:2)
  An orc priest (D:3)
  An iguana (D:3)
  7 adders
  2 worms
  2 dart slugs
  7 orcs (D:3)
  5 ball pythons
  5 bats
  8 endoplasms
  A giant cockroach (D:2)
  4 goblins
  5 hobgoblins
  4 jackals
  2 quokkas
  7 frilled lizards
  8 kobolds
  5 rats (D:1)
76 creatures vanquished.

Notes
Turn   | Place    | Note
-------+----------+-------------------------------------------
     0 | D:1      | klm127 the Troll Warper began the quest for the Orb.
     0 | D:1      | Reached XP level 1. HP: 19/19 MP: 1/1
   150 | D:1      | Found Nac Zuch's Jewellery Shoppe.
   196 | D:1      | Reached skill level 1 in Throwing
   234 | D:1      | Reached XP level 2. HP: 20/28 MP: 2/2
   335 | D:1      | Found Bach's General Store.
   349 | D:1      | Found Gepisizo's Jewellery Shop.
   826 | D:2      | Reached XP level 3. HP: 35/35 MP: 3/3
   883 | D:2      | Reached skill level 1 in Unarmed Combat
  1222 | D:2      | Reached XP level 4. HP: 40/42 MP: 4/4
  1424 | D:3      | Noticed a scorpion
  1475 | D:2      | Killed a scorpion
  1476 | D:2      | Reached XP level 5. HP: 42/50 MP: 5/5
  1642 | D:4      | Noticed a lemure
  1642 | D:4      | Noticed Ijyb
  1653 | D:3      | Killed a lemure
  2084 | D:3      | Found a faded altar of an unknown god.
  2379 | D:3      | Reached skill level 1 in Shields
  2658 | D:4      | Noticed a lemure
  2659 | D:4      | Noticed a lemure
  2660 | D:4      | Noticed a lemure
  2737 | D:4      | Noticed Pikel
  2885 | D:3      | Reached XP level 6. HP: 52/59 MP: 6/6
  2907 | D:3      | HP: 1/59 [orc/+0 flail (6)]
  2907 | D:3      | Mangled by a lemure

Illustrated notes

Levels and vault maps discovered:
D:1:      dpeg_arrival_stone_temple_mockup, layout_rooms, serial_shops,
          nicolae_shop_just_a_little_nook, nicolae_shop_hallway_plus, shop,
          columned_hall_lemuel
D:2:      wad_crossroads, layout_basic
D:3:      minmay_angry_zag, layout_basic,
          hellmonk_ecumenical_altar_pennies_from_heaven
D:4:      layout_cave_pools, grunt_temple_overflow_open,
          minmay_temple_entry_wispy, minmay_misc_feat_rows,
          guppyfry_early_lair_pool, uniq_pikel, uniq_eustachio, uniq_ijyb

Skill      XL: |  1  2  3  4  5 |
---------------+----------------+-----
Maces & Flails | 2 |  2.5
Throwing       | 1 2 |  2.6
Unarmed Combat | 1 2 |  2.4
Fighting       | 2 |  2.8
Shields        | 1 |  1.2
Dodging        | |  1.9
Stealth        | |  0.8
Spellcasting   | |  1.2
Translocations | |  2.1

Action                     |  1- 3 |  4- 6 || total
---------------------------+-------+-------++-------
  Melee: Mace              |    40 |       ||    40
         Quarterstaff      |    60 |    38 ||    98
         Flail             |       |   102 ||   102
         Punch             |       |     1 ||     1
  Throw: Stone             |     4 |     7 ||    11
         Boomerang         |       |     3 ||     3
    Use: Scroll            |       |     3 ||     3
         Potion            |       |     2 ||     2
   Stab: Sleeping          |     1 |     1 ||     2
 Armour: Robe              |    26 |    86 ||   112
  Dodge: Dodged            |    38 |    83 ||   121
  Block: Other             |    13 |    40 ||    53
         Reflection        |       |     1 ||     1
